 Dungeon Crawl Stone Soup version 0.30-b1-2-g02819fbbbe (webtiles) character file.

Game seed: 12663950927026538164

11089 LLlMATKO the Fighter (level 11, -5/101 HPs)
             Began as a Minotaur Berserker on May 3, 2023.
             Was an Elder of Trog.
             Succumbed to Amaemon's poison
             ... on level 10 of the Dungeon.
             The game lasted 00:10:30 (9759 turns).

LLlMATKO the Fighter (Minotaur Berserker)           Turns: 9759, Time: 00:10:31

Health: -5/101     AC: 20    Str: 23    XL:     11   Next: 44%
Magic:  10/10      EV: 12    Int:  4    God:    Trog [****..]
Gold:   848        SH:  6    Dex: 19    Spells: 10/10 levels left

rFire   . . .        M - +0 war axe
rCold   . . .        H - +0 buckler
rNeg    . . .        t - +0 plate armour
rPois   .            (helmet restricted)
rElec   .            F - +0 cloak
rCorr   .            P - +1 pair of gloves
SInv    .            h - +0 pair of boots
Will    +....        (no amulet) Stlth
                     s - ring of willpower
HPRegen 0.36/turn    J - +6 ring of dexterity
MPRegen 0.12/turn

%: no passive effects
@: lethally poisoned (-5 -> -22), on berserk cooldown, slowed, very slow
A: horns 2, retaliatory headbutt
a: Renounce Religion, Berserk, Trog's Hand, Brothers in Arms


You were on level 10 of the Dungeon.
You worshipped Trog.
Trog was greatly pleased with you.
You visited 1 branch of the dungeon, and saw 10 of its levels.

You collected 897 gold pieces.
You spent 49 gold pieces at shops.

Inventory:

Hand Weapons
 a - a +0 hand axe
 m - a +2 whip of flaming
 r - a +2 whip of draining
 C - a +1 spear of venom
 M - a +0 war axe (weapon)
Missiles
 b - 4 boomerangs
 i - 9 poisoned darts (quivered)
 D - 4 javelins
 K - 4 throwing nets
 R - 6 silver boomerangs
Armour
 h - a +0 pair of boots (worn)
 t - a +0 plate armour (worn)
 F - a +0 cloak (worn)
 H - a +0 buckler (worn)
 P - a +1 pair of gloves (worn)
 T - a +0 scale mail of cold resistance
Jewellery
 s - a ring of willpower (left hand)
 B - a ring of resist corrosion
 J - a +6 ring of dexterity (right hand)
Wands
 p - a wand of quicksilver (16)
 x - a wand of mindburst (17)
 y - a wand of iceblast (18)
 G - a wand of flame (38)
 S - a wand of paralysis (6)
Scrolls
 c - 3 scrolls of teleportation {unknown}
 f - 7 scrolls of identify {unknown}
 l - a scroll of torment {unknown}
 q - 3 scrolls of magic mapping {unknown}
 u - a scroll of fear {unknown}
 v - 3 scrolls of immolation {unknown}
 w - 2 scrolls of enchant armour {unknown}
 A - 7 scrolls of fog {unknown}
 I - a scroll of poison {unknown}
 L - 2 scrolls of enchant weapon {unknown}
 N - 3 scrolls of vulnerability {unknown}
Potions
 d - 3 potions of berserk rage
 e - 4 potions of curing {unknown}
 g - 2 potions of ambrosia {unknown}
 j - 3 potions of heal wounds
 k - 3 potions of haste
 n - 2 potions of might {unknown}
 o - 3 potions of lignification {unknown}
 z - 2 potions of invisibility {unknown}
 E - a potion of degeneration {unknown}
 O - 2 potions of brilliance {unknown}
 Q - a potion of cancellation {unknown}


   Skills:
 + Level 10.9 Fighting
 - Level 8.1(9.3) Axes
 + Level 7.2(8.9) Maces & Flails
 + Level 10.6 Armour
 + Level 9.7 Dodging
 + Level 7.5 Shields


You had 10 spell levels left.
You didn't know any spells.
Your spell library was empty.

Dungeon Overview and Level Annotations

Branches:
Dungeon (10/15)            Temple (0/1) D:4
   Lair: D:8-11         Orc: D:9-12

Altars:
Elyvilon
Gozag
Hepliaklqana
Kikubaaqudgha
Okawaru
Ru
Sif Muna
Trog
Wu Jian
Xom
Yredelemnul
Zin

Shops:
D:1 [   D:8 *

Annotations:
D:10 Amaemon


Innate Abilities, Weirdness & Mutations

You have a pair of horns on your head.
You reflexively headbutt those who attack you in melee.


Message History

You barely miss Amaemon.
Amaemon is moderately wounded.
You feel very sick. The orange demon stings you from afar!
* * * LOW HITPOINT WARNING * * *
Amaemon barely misses you. x2
Amaemon tail-slaps you but does no damage.
You barely miss Amaemon.
Amaemon is moderately wounded.
You feel very sick. You block the orange demon's attack.
Amaemon casts a spell.
Unknown command.
You slash Amaemon! Your headbutt misses Amaemon.
Amaemon is moderately wounded.
You slash the scorpion! You closely miss the scorpion.
You feel sick. You block the orange demon's attack. Amaemon closely misses you.
You block Amaemon's attack.
Amaemon tail-slaps you but does no damage.
You block the scorpion's attack.
The scorpion stings you but does no damage.
You slash Amaemon!
Amaemon is heavily wounded.
You slash the scorpion! You barely miss the scorpion.
You are no longer berserk.
You are exhausted.
You feel as though you will be slow longer.
You feel sick.
The orange demon stings you but does no damage.
Amaemon hits you with a +0 demon whip of venom!
* * * LOW HITPOINT WARNING * * *
You are more poisoned.
Amaemon closely misses you.
Amaemon tail-slaps you but does no damage.
The scorpion stings you but does no damage.
You block the scorpion's attack.
You hit Amaemon.
Amaemon is severely wounded.
You closely miss the scorpion. You hit the scorpion but do no damage.
You die...

#.........# #.#.....#
#.........#####.......#
#...............).....#
#...................###
....####.............###
..... #########..$.....
.:.(. ########........#
##.....).........#
.......@s........#
......6s)4.......#
.......s.........
.........##......
.......... ......
##...............
#####........... #......


You could see Amaemon, an orange demon and 3 scorpions.

Vanquished Creatures
  Josephine (D:10)
  Harold (D:9)
  A two-headed ogre (D:8)
  Pikel (D:4)
  3 centaur zombies (D:7)
  4 centaur skeletons (D:7)
  A gargoyle (D:10)
  2 hellwings (D:7)
  Grinder (D:3)
  A shadow (D:9)
  Sigmund (D:4)
  2 wyverns
  3 yaks (D:8)
  A vampire (D:9)
  5 wraiths (D:10)
  Grum (D:8)
  A steam dragon (D:9)
  Menkaure (D:4)
  A water moccasin (D:7)
  3 orc warriors
  A sky beast (D:8)
  A black bear (D:6)
  3 wolves (D:8)
  3 centaurs
  A kobold brigand (D:9)
  A bullfrog (D:5)
  2 gnoll sergeants
  A scorpion (D:5)
  7 wights
  4 killer bees (D:9)
  9 howler monkeys
  A gnoll bouda (D:7)
  5 hounds
  4 jellies
  Crazy Yiuf (D:5)
  4 orc priests
  A sleepcap (D:7)
  6 iguanas
  Natasha (thrice) (D:4)
  10 orc wizards
  18 gnolls
  10 adders
  6 shadow imps
  2 white imps
  2 ufetubi
  4 worms
  A dart slug (D:4)
  18 orcs
  3 bats
  6 endoplasms
  3 giant cockroaches
  6 goblins
  2 hobgoblins
  2 jackals (D:4)
  2 quokkas
  7 ball pythons
  3 frilled lizards
  13 kobolds
  4 rats
215 creatures vanquished.

Vanquished Creatures (collateral kills)
  A lemure (D:4)
  2 orcs (D:5)
3 creatures vanquished.

Vanquished Creatures (others)
  A jackal (D:4)
  7 withered plants (D:7)
8 creatures vanquished.

Grand Total: 226 creatures vanquished

Notes
Turn   | Place    | Note
-------+----------+-------------------------------------------
     0 | D:1      | LLlMATKO the Minotaur Berserker began the quest for the
                  | Orb.
     0 | D:1      | Reached XP level 1. HP: 19/19 MP: 0/0
    83 | D:1      | Reached XP level 2. HP: 7/27 MP: 1/1
   554 | D:1      | Found Ukhuog's Armour Emporium.
   686 | D:1      | You fall into a shaft and drop 1 floor!
   782 | D:2      | Reached XP level 3. HP: 26/33 MP: 2/2
  1895 | D:2      | Reached ** piety under Trog
  1896 | D:2      | Reached XP level 4. HP: 40/40 MP: 3/3
  2272 | D:3      | Found a basalt altar of Yredelemnul.
  2552 | D:3      | Found an ornate altar of the Wu Jian Council.
  2642 | D:3      | Noticed Grinder
  2649 | D:3      | Killed Grinder
  2650 | D:3      | Reached skill level 5 in Fighting
  2650 | D:3      | Reached skill level 5 in Axes
  2650 | D:3      | Reached XP level 5. HP: 48/48 MP: 4/4
  2652 | D:3      | Reached XP level 6. HP: 56/56 MP: 5/5
  3079 | D:4      | Noticed Pikel
  3096 | D:4      | Killed Pikel
  3097 | D:4      | Reached skill level 5 in Armour
  3097 | D:4      | Reached skill level 5 in Dodging
  3097 | D:4      | Reached XP level 7. HP: 54/64 MP: 6/6
  3184 | D:4      | Found a bloodstained altar of Trog.
  3422 | D:4      | Noticed Natasha
  3429 | D:4      | Killed Natasha
  3533 | D:4      | Noticed Natasha
  3539 | D:4      | Killed Natasha
  3553 | D:4      | Noticed Menkaure
  3555 | D:4      | Noticed Sigmund
  3562 | D:4      | Killed Menkaure
  3563 | D:4      | Reached XP level 8. HP: 56/71 MP: 7/7
  3570 | D:4      | Killed Sigmund
  3572 | D:4      | Found a staircase to the Ecumenical Temple.
  3713 | D:4      | Noticed Natasha
  3718 | D:4      | Killed Natasha
  3880 | D:4      | Found a bloodstained altar of Trog.
  3945 | D:4      | Found a staircase to the Ecumenical Temple.
  4123 | D:5      | Entered Level 5 of the Dungeon
  4149 | D:5      | Found an ancient bone altar of Kikubaaqudgha.
  4193 | D:5      | Reached *** piety under Trog
  4833 | D:5      | Identified the +5 rapier of Dismay {drain, Will+}
  5421 | D:5      | Found a runed translucent door.
  5422 | D:5      | Noticed Crazy Yiuf
  5428 | D:5      | Killed Crazy Yiuf
  5505 | D:6      | Found a white marble altar of Elyvilon.
  5717 | D:1      | Bought a +0 buckler for 49 gold pieces
  5915 | D:6      | Found a hazy altar of Hepliaklqana.
  6066 | D:6      | Reached skill level 1 in Shields
  6066 | D:6      | Reached XP level 9. HP: 54/81 MP: 8/8
  6557 | D:6      | Found a shimmering altar of Xom.
  6864 | D:7      | Reached skill level 1 in Maces & Flails
  6955 | D:7      | Found a shimmering blue altar of Sif Muna.
  7131 | D:7      | Noticed a hellwing
  7131 | D:7      | Noticed a hellwing
  7146 | D:7      | Killed a hellwing
  7156 | D:7      | Killed a hellwing
  7171 | D:7      | Reached **** piety under Trog
  7349 | D:7      | Reached XP level 10. HP: 91/91 MP: 9/9
  7359 | D:7      | Reached skill level 5 in Shields
  7706 | D:7      | Reached skill level 5 in Maces & Flails
  8380 | D:8      | Noticed Grum
  8388 | D:8      | Reached skill level 10 in Fighting
  8392 | D:8      | Killed Grum
  8424 | D:8      | Found a sacrificial altar of Ru.
  8620 | D:8      | Found Ukkexa Bono's General Store.
  8676 | D:8      | Noticed a two-headed ogre
  8684 | D:8      | Killed a two-headed ogre
  8759 | D:8      | Found an opulent altar of Gozag.
  8941 | D:9      | Reached XP level 11. HP: 98/100 MP: 10/10
  8943 | D:9      | Reached skill level 10 in Armour
  9126 | D:9      | Noticed Harold
  9140 | D:9      | Killed Harold
  9468 | D:9      | Found an iron altar of Okawaru.
  9578 | D:9      | Found a glowing silver altar of Zin.
  9652 | D:10     | Entered Level 10 of the Dungeon
  9735 | D:10     | Noticed Josephine
  9740 | D:10     | Noticed Amaemon
  9745 | D:10     | Killed Josephine
  9758 | D:10     | HP: 1/101 [Amaemon/+0 demon whip of venom (7)]
  9759 | D:10     | Succumbed to Amaemon's poison

Illustrated notes

Levels and vault maps discovered:
D:1:      dpeg_arrival_arbitrary_a, layout_basic, serial_co_window_serial,
          co_window_paths_a, co_window_paths_b, co_window_paths_b,
          co_window_corner_a, co_window_paths_b, co_window_paths_c,
          co_window_unsneaky_path_e, co_window_corner_b, co_window_corner_b,
          co_window_of_opportunity_b, co_window_cross_2, co_window_2corner,
          co_window_paths_d, serial_shops, shop
D:2:      minmay_spotlight, layout_loops_corners, minmay_fountain_box,
          minmay_misc_feat_room
D:3:      layout_loops_ring, nzn_wu_jian_contemplation,
          yredelemnul_altar_generic, bh_walls_and_bars, uniq_grinder
D:4:      layout_rooms, trog_three_pillars_becter,
          minmay_temple_entry_statues_fountains, uniq_natasha, uniq_sigmund,
          uniq_pikel, uniq_menkaure
D:5:      layout_basic, amcnicky_altar_gilded, uniq_crazy_yiuf_cottage
D:6:      layout_basic, lemuel_crystal_altar,
          mainiacjoe_overflow_surrounded_room, lemuel_doored_altar,
          kennysheep_boxes
D:7:      cheibrodos_grave_circle, layout_basic, nicolae_overflow_crystal_walls
D:8:      layout_rooms, mainiacjoe_overflow_alcove_2, kennysheep_little_box,
          serial_shops, nicolae_shop_behind_doors, uniq_grum
D:9:      layout_basic, mainiacjoe_overflow_alcove_1,
          mainiacjoe_overflow_brackets, uniq_harold
D:10:     minmay_sliced_demisemicircle, layout_basic, orc_0_dummy, uniq_amaemon,
          uniq_josephine

Skill      XL: |  1  2  3  4  5  6  7  8  9 10 11 |
---------------+----------------------------------+-----
Axes           | 4 5 6 7 8 |  8.1
Fighting       | 4 5 6 7 9 10 | 10.9
Armour         | 3 4 5 6 7 8 9 10 | 10.6
Dodging        | 3 5 6 8 9 |  9.7
Shields        | 1 4 6 7 |  7.5
Maces & Flails | 4 6 7 |  7.2

Action                     |  1- 3 |  4- 6 |  7- 9 | 10-12 || total
---------------------------+-------+-------+-------+-------++-------
  Melee: Hand axe          |    64 |    68 |   240 |       ||   372
         Headbutt          |     7 |    12 |    54 |    56 ||   129
         Punch             |     1 |       |       |       ||     1
         Whip              |       |       |    77 |    24 ||   101
         War axe           |       |       |       |   210 ||   210
 Invoke: Berserk           |       |     3 |     6 |     5 ||    14
   Stab: Sleeping          |     1 |       |       |       ||     1
 Armour: Animal skin       |     6 |       |       |       ||     6
         Ring mail         |    15 |    11 |       |       ||    26
         Plate armour      |       |    25 |   274 |   172 ||   471
  Dodge: Dodged            |    45 |    31 |   167 |   155 ||   398
  Block: Buckler           |       |       |    52 |    89 ||   141
